Map: Neon Violet Square LE

Players

AceVenturaPD - Winner!

  • Race: Terran Terran
  • League: Diamond
  • Spawn Location: 11:00

Kyujin

  • Race: Protoss Protoss
  • Spawn Location: 5:00

VOD

Have the link to the VOD?

Description

Time

  • Played on: Jan. 6, 2018, 12:22 p.m.
  • Length: 22:26
Show
View Real Time Build Order
Export as new Build Order

AceVenturaPD Terran - Winner!

Build Orders: Mech 

Get SALT Encoding   

  12  0:01  SCV  
  13  0:13  SCV  
  14  0:18  Supply Depot  
  14  0:25  SCV  
  15  0:28  Refinery  
  15  0:40  SCV  
  16  0:47  Barracks  
  16  0:56  SCV  
  17  1:08  SCV  
  18  1:20  SCV  
  20  1:35  Orbital Command  
  20  1:36  Reaper  
  20  1:51  Command Center  
  20  2:01  Supply Depot  
  20  2:06  SCV  
  21  2:14  Refinery  
  21  2:19  Factory  
  21  2:21  Barracks Reactor  
  21  2:25  SCV  
  22  2:37  SCV  
  23  2:49  SCV  
  24  3:01  SCV  
  24  3:04  Orbital Command  
  25  3:17  SCV  
  25  3:18  Cyclone x2  
  31  3:24  Supply Depot  
  31  3:29  SCV  
  31  3:31  SCV  
  33  3:36  Engineering Bay  
  33  3:42  SCV  
  33  3:44  SCV  
  35  3:50  Cyclone  
  35  3:51  Cyclone  
  41  4:04  SCV x2  
  41  4:05  Supply Depot  
  43  4:16  Command Center  
  43  4:17  Missile Turret  
  43  4:19  SCV, Missile Turret  
  43  4:20  SCV  
  45  4:27  Cyclone  
  48  4:32  SCV x2  
  48  4:37  Supply Depot  
  50  4:39  Cyclone  
  50  4:42  Barracks Tech Lab  
  53  4:46  Refinery  
  53  4:51  SCV x2  
  55  5:00  Supply Depot  
  55  5:03  Hellion, SCV x2  
  59  5:12  Hellion  
  58  5:39  SCV, Cyclone x2  
  58  5:40  SCV  
  66  5:44  Orbital Command  
  66  5:45  Refinery  
  66  5:50  Starport, Supply Depot  
  66  5:52  SCV  
  66  5:53  SCV  
  66  5:56  Armory  
  68  6:05  SCV x2  
  70  6:12  SCV  
  70  6:14  Cyclone x2  
  70  6:17  SCV x2  
  79  6:22  Supply Depot  
  79  6:29  Barracks Tech Lab  
  79  6:30  Factory  
  79  6:33  Factory  
  79  6:36  SCV x2, Missile Turret  
  79  6:38  Missile Turret  
  81  6:49  Raven  
  81  6:50  Hellion x2  
  87  7:02  SCV x2  
  89  7:10  Missile Turret  
  89  7:12  Refinery  
  89  7:13  Refinery  
  89  7:17  Factory Tech Lab  
  89  7:18  Barracks Tech Lab  
  89  7:21  Supply Depot  
  89  7:22  Terran Vehicle Weapons Level 1  
  89  7:23  Starport, Armory  
  89  7:26  SCV x3, Supply Depot  
  92  7:32  Hellion x2, Siege Tank  
  92  7:34  Enhanced Munitions  
  102  7:44  Siege Tank  
  102  7:58  Supply Depot x2  
  102  7:59  Hellion x2  
  102  8:02  Starport Tech Lab  
  102  8:04  Raven  
  108  8:14  Supply Depot  
  108  8:15  Supply Depot  
  111  8:20  Command Center, Siege Tank x2  
  111  8:23  Terran Vehicle And Ship Armor Level 1  
  114  8:30  Supply Depot  
  114  8:31  Supply Depot  
  114  8:48  Hellion x2  
  118  8:51  Corvid Reactor  
  118  8:53  Infernal Pre-Igniter  
  118  9:01  Missile Turret x2  
  118  9:08  Missile Turret  
  118  9:09  Hi-Sec Auto Tracking  
  118  9:10  Missile Turret  
  118  9:12  Missile Turret x2  
  118  9:16  Raven x2  
  122  9:18  Siege Tank  
  122  9:19  Hellion x2  
  129  9:25  Refinery  
  129  9:27  Refinery  
  129  9:33  Planetary Fortress  
  129  9:38  Missile Turret  
  129  9:46  Hellion x2, Siege Tank  
  129  9:49  Terran Vehicle Weapons Level 2  
  136  9:59  Supply Depot x2  
  136  10:00  Missile Turret  
  136  10:02  Missile Turret  
  136  10:06  Raven x2  
  140  10:11  Starport  
  140  10:32  Hellion x4  
  140  10:44  Terran Vehicle And Ship Armor Level 2  
  140  10:49  Fusion Core, Starport Tech Lab  
  140  11:03  Building Armor  
  140  11:05  Hellion  
  140  11:06  Hellion x3  
  140  11:13  Sensor Tower  
  140  11:16  Sensor Tower  
  140  11:26  Starport  
  140  11:28  Starport  
  140  11:31  Smart Servos  
  140  11:47  Battlecruiser  
  140  11:48  Weapon Refit, Battlecruiser x2  
  158  12:05  Siege Tank x2  
  164  12:11  Command Center  
  164  12:13  Hellion, Missile Turret  
  164  12:14  Hellion x3  
  164  12:43  Starport Tech Lab x2  
  156  12:46  Missile Turret  
  156  12:48  Missile Turret  
  156  12:51  Missile Turret  
  156  12:52  Refinery  
  156  12:53  Refinery  
  156  12:55  Battlecruiser x3, Sensor Tower  
  174  13:07  Terran Ship Weapons Level 1, Terran Vehicle And Ship Armor Level 3  
  174  13:26  Planetary Fortress  
  174  13:33  Engineering Bay  
  174  13:34  Engineering Bay  
  174  13:38  Supply Depot  
  174  13:42  Battlecruiser  
  174  13:43  Supply Depot, Battlecruiser  
  186  14:29  Missile Turret  
  186  14:33  Battlecruiser x2  
  198  15:05  Terran Ship Weapons Level 2  
  198  15:07  Command Center  
  198  15:08  Command Center  
  198  15:11  Command Center  
  195  15:53  Battlecruiser x2  
  195  15:55  Battlecruiser  
  198  16:21  Orbital Command  
  198  16:22  Orbital Command x2  
  198  16:35  Command Center  
  198  16:36  Command Center  
  185  17:33  Hellion x10  
  178  17:52  Command Center x2  
  178  17:57  Terran Ship Weapons Level 3  
  178  17:58  Terran Vehicle Weapons Level 3  
  167  18:12  Hellion x4  
  164  18:24  Battlecruiser x5  
  187  18:58  Hellion x2  
  187  18:59  Command Center, Hellion x2  
  195  19:20  Command Center  
  195  19:21  Engineering Bay  
  186  19:53  Command Center  
  142  20:23  Battlecruiser x2  
  142  21:05  Missile Turret  
  142  21:21  Missile Turret  
  142  21:34  Raven x2  
  142  21:35  Raven  
  148  21:55  Viking x2  
  148  21:59  Refinery  
Show
View Real Time Build Order
Export as new Build Order

Kyujin Protoss 

Build Orders: 1 Gate Expand, Colossus Rush 

Get SALT Encoding   

  12  0:01  Probe  
  13  0:13  Probe  
  14  0:19  Pylon  
  14  0:25  Probe (Chrono Boost)  
  15  0:30  Assimilator  
  15  0:40  Gateway  
  15  0:45  Probe (Chrono Boost)  
  16  0:50  Probe (Chrono Boost)  
  17  1:02  Probe  
  18  1:14  Probe  
  19  1:29  Cybernetics Core  
  19  1:31  Probe  
  20  1:44  Nexus  
  20  1:48  Pylon  
  20  1:58  Assimilator  
  20  2:09  Warp Gate (Chrono Boost)  
  20  2:11  Adept  
  21  2:20  Robotics Facility  
  21  2:23  Probe  
  22  2:35  Probe  
  23  2:38  Stalker  
  25  2:47  Probe  
  26  2:59  Probe x2  
  28  3:11  Probe  
  29  3:13  Robotics Bay  
  29  3:15  Probe  
  29  3:19  Assimilator  
  30  3:23  Probe, Observer  
  32  3:27  Probe  
  33  3:35  Probe  
  33  3:39  Probe  
  35  3:48  Probe  
  36  3:51  Probe  
  37  4:00  Probe  
  38  4:03  Probe  
  38  4:07  Gateway, Immortal  
  43  4:10  Gateway  
  43  4:13  Probe  
  43  4:15  Probe  
  45  4:22  Forge  
  45  4:25  Probe  
  45  4:30  Assimilator  
  46  4:32  Pylon  
  46  4:47  Colossus (Chrono Boost)  
  46  4:50  Probe x2  
  54  5:04  Pylon  
  54  5:07  Pylon  
  54  5:13  Probe x2  
  54  5:18  Protoss Ground Armor Level 1  
  50  5:25  Probe x2, Zealot x2  
  50  5:26  Stalker  
  50  5:28  Colossus (Chrono Boost)  
  62  5:37  Pylon  
  62  5:41  Pylon  
  62  5:45  Forge  
  62  5:55  Pylon  
  62  5:59  Probe x2  
  64  6:08  Protoss Ground Weapons Level 1 (Chrono Boost)  
  64  6:11  Probe  
  65  6:17  Nexus  
  65  6:20  Pylon, Twilight Council  
  65  6:22  Pylon  
  65  6:24  Probe  
  66  6:28  Sentry  
  66  6:32  Gateway  
  68  6:36  Gateway  
  68  6:42  Immortal (Chrono Boost)  
  72  6:48  Probe  
  72  6:49  Probe  
  72  6:50  Charge  
  72  6:52  Shield Battery  
  74  6:54  Photon Cannon  
  74  6:59  Pylon  
  73  7:05  Protoss Ground Armor Level 2 (Chrono Boost)  
  73  7:10  Stalker  
  73  7:11  Stalker  
  73  7:12  Observer (Chrono Boost), Zealot  
  80  7:22  Gateway  
  80  7:27  Probe  
  80  7:28  Probe, Gateway  
  82  7:33  Probe  
  82  7:36  Observer  
  84  7:40  Probe  
  84  7:41  Probe  
  86  7:45  Probe  
  87  7:52  Probe  
  87  7:53  Probe  
  87  7:55  Templar Archives  
  87  7:57  Zealot x2  
  93  8:01  Colossus  
  93  8:05  Photon Cannon  
  99  8:07  Photon Cannon  
  99  8:08  Probe x2  
  99  8:12  Probe, Protoss Ground Weapons Level 2 (Chrono Boost)  
  102  8:20  Probe x2  
  102  8:24  Probe  
  102  8:26  Photon Cannon  
  105  8:28  Gateway  
  105  8:29  Gateway  
  105  8:37  Probe  
  105  8:38  Probe x2  
  108  8:46  Psionic Storm  
  108  8:52  Robotics Facility  
  108  8:56  High Templar x3  
  108  8:57  High Templar  
  116  9:04  Assimilator  
  116  9:08  Assimilator  
  116  9:10  Pylon  
  116  9:12  Pylon  
  116  9:24  Pylon  
  116  9:25  Pylon  
  116  9:27  Colossus  
  122  9:37  Zealot x4  
  130  9:38  Protoss Ground Armor Level 3 (Chrono Boost)  
  130  9:43  Stalker  
  130  9:44  Stalker  
  134  9:50  Observer  
  135  10:10  Protoss Ground Weapons Level 3 (Chrono Boost)  
  135  10:13  Nexus  
  135  10:14  Pylon  
  127  10:17  Assimilator  
  127  10:21  Assimilator  
  123  10:33  Dark Shrine  
  123  10:35  Photon Cannon  
  123  10:43  Probe x2  
  123  10:44  Probe  
  126  10:51  Photon Cannon  
  126  10:54  Photon Cannon  
  126  10:55  Probe x2  
  126  10:56  Probe  
  129  10:57  Immortal  
  129  10:58  Immortal  
  137  11:09  Pylon  
  137  11:11  Nexus  
  137  11:14  Assimilator  
  137  11:19  Assimilator  
  137  11:21  Pylon  
  137  11:22  Pylon  
  137  11:23  Pylon  
  137  11:25  Pylon  
  137  11:27  Pylon  
  137  11:35  Photon Cannon  
  137  11:37  Immortal x2  
  145  11:40  Protoss Shields Level 1 (Chrono Boost)  
  145  11:45  Probe x2  
  145  11:46  Shield Battery  
  147  11:48  Shield Battery  
  147  11:49  Pylon  
  147  12:13  High Templar  
  149  12:16  Immortal x2, High Templar x4  
  149  12:20  High Templar  
  166  12:29  Archon x2  
  166  12:30  Archon  
  166  12:45  Stargate  
  166  12:47  Stargate  
  166  12:50  Stargate  
  166  12:54  Gateway  
  166  12:55  Immortal x2  
  166  12:56  Gateway  
  174  12:59  Gateway  
  174  13:00  Gateway  
  174  13:03  Gateway  
  174  13:13  Dark Templar x2  
  174  13:14  Zealot x4  
  174  13:15  Zealot  
  187  13:23  Protoss Shields Level 2 (Chrono Boost), High Templar  
  187  13:24  High Templar  
  191  13:32  Stargate  
  191  13:38  Archon  
  191  13:58  Protoss Air Weapons Level 1 (Chrono Boost)  
  191  14:00  Fleet Beacon  
  177  14:27  High Templar x2  
  175  14:47  Graviton Catapult  
  175  14:52  Carrier x2 (Chrono Boost)  
  175  14:53  Tempest x2  
  199  15:22  Nexus  
  199  15:23  Pylon  
  199  15:26  Pylon  
  199  15:31  Pylon  
  199  15:38  Pylon  
  199  16:18  Protoss Air Weapons Level 2 (Chrono Boost)  
  199  16:23  Assimilator  
  167  17:11  Void Ray x3 (Chrono Boost)  
  135  17:23  Void Ray (Chrono Boost)  
  119  17:34  Zealot x4  
  119  17:35  Zealot x5  
  119  17:36  Dark Templar x2, Zealot  
  117  17:50  Void Ray (Chrono Boost)  
  117  17:51  Void Ray (Chrono Boost)  
  117  17:55  High Templar x2  
  117  17:56  High Templar x4  
  117  17:57  High Templar  
  117  17:58  High Templar x2  
  143  18:02  Archon x4  
  143  18:04  High Templar  
  143  18:08  Archon  
  143  18:09  Carrier (Chrono Boost)  
  143  18:10  Carrier (Chrono Boost)  
  141  18:13  Carrier x2 (Chrono Boost)  
  135  18:20  Protoss Shields Level 3 (Chrono Boost)  
  147  18:31  Protoss Air Armor Level 1 (Chrono Boost)  
  147  18:32  Cybernetics Core  
  147  18:47  Assimilator  
  147  18:49  Assimilator  
  147  18:52  Photon Cannon  
  147  18:53  Zealot x3  
  147  18:54  Zealot x6  
  147  18:55  Zealot x3  
  167  18:56  Photon Cannon  
  167  18:58  Photon Cannon  
  167  19:00  Photon Cannon  
  167  19:02  Photon Cannon  
  165  19:03  Immortal  
  165  19:04  Immortal  
  173  19:19  Dark Templar x2  
  173  19:20  Dark Templar  
  167  19:31  Carrier x2 (Chrono Boost)  
  167  19:32  Carrier (Chrono Boost)  
  167  19:36  High Templar x5  
  167  19:37  High Templar x2  
  187  19:41  Archon x2  
  187  19:43  Archon  
  187  19:50  Stalker x2  
  163  20:18  Stalker  
  163  20:19  Stalker x5  
  163  20:20  Stalker x2  
  157  20:24  Zealot  
  157  20:25  Zealot x2  
  139  20:32  Carrier (Chrono Boost)  
  115  20:49  Carrier (Chrono Boost)  
  108  20:57  Zealot x4  
  108  20:58  Zealot x4  
  108  20:59  Zealot x4  
  121  21:13  Shield Battery  
  121  21:15  Shield Battery  
  121  21:17  Nexus  
  121  21:18  Shield Battery  
  117  21:20  Pylon, Shield Battery  
  117  21:23  Pylon  
  125  21:31  Dark Templar x2, Zealot  
  125  21:32  Zealot x6  
  121  21:33  Zealot x2  
  127  21:42  Zealot  
  117  22:16  High Templar x2  
  117  22:17  High Templar  
Tags
 
Composition
Mech
League
Diamond
Matchup
PvT
Spawn Locations
Cross Positions
Add a new tag
Caveats
  • Supply blocks, unpowered buildings, or Contaminate may cause inaccurate times.
  • Supply counts are checked every 10 seconds.